 Dungeon Crawl Stone Soup version 0.27-a0-242-ge0fc76b88b (webtiles) character file.

Game seed: 12362997055840060568

191 Borgoz the Slasher (level 5, -6/45 HPs)
             Began as a Ghoul Gladiator on Feb 3, 2021.
             Killed by divine providence
             ... invoked by an orc priest
              (12 damage)
             ... on level 3 of the Dungeon.
             The game lasted 00:02:05 (3013 turns).

Borgoz the Slasher (Ghoul Gladiator)                Turns: 3013, Time: 00:02:06

Health: -6/45      AC:  5    Str: 18    XL:     5   Next: 70%
Magic:  4/4        EV: 13    Int:  3    God:
Gold:   175        SH:  0    Dex: 11    Spells: 4/4 levels left

rFire    . . .     SeeInvis .   a - +0 long sword
rCold    + . .     Faith    .   (no shield)
rNeg     + + +     Spirit   .   o - +0 leather armour
rPois    ∞         Reflect  .   c - +0 helmet
rElec    .         Harm     .   (no cloak)
rCorr    .         Rampage  .   (no gloves)
Will     .....                  h - +0 pair of boots
Stlth    +.........             (no amulet)
HPRegen  0.00/turn              (no ring)
MPRegen  0.09/turn              (no ring)

@: hasted, very quick
A: claws 1, cold resistance 1, negative energy resistance 3, inhibited
regeneration, torment resistance, unbreathing
a: no special abilities


You were on level 3 of the Dungeon.
You visited 1 branch of the dungeon, and saw 3 of its levels.

You collected 175 gold pieces.

Inventory:

Hand Weapons
 a - a +0 long sword (weapon)
 b - a +4 short sword
Missiles
 d - 2 throwing nets (quivered)
Armour
 c - a +0 helmet (worn)
 h - a +0 pair of boots (worn)
 o - a +0 leather armour (worn)
Scrolls
 e - a scroll of random uselessness {unknown}
 g - 2 scrolls of teleportation
 i - a scroll of remove curse {unknown}
 j - 3 scrolls of identify {unknown}
 l - 2 scrolls of enchant armour {unknown}
 n - a scroll of enchant weapon {unknown}
 q - a scroll of amnesia {unknown}
Potions
 k - 2 potions of degeneration {unknown}
 p - 2 potions of lignification {unknown}


   Skills:
 + Level 3.3 Fighting
 * Level 4.1 Long Blades
 - Level 1.8 Throwing
 + Level 1.8 Armour
 + Level 3.4 Dodging


You had 4 spell levels left.
You didn't know any spells.
Your spell library was empty.

Dungeon Overview and Level Annotations

Branches:
Dungeon (3/15)

Altars:


Innate Abilities, Weirdness & Mutations

You thrive by killing the living.
You are immune to poison.
You have sharp fingernails.
Your flesh is cold resistant. (rC+)
You are immune to negative energy. (rN+++)
You do not regenerate when monsters are visible.
You are immune to unholy pain and torment.
You can survive without breathing.


Message History

Something hits you.
* * * LOW HITPOINT WARNING * * *
The orc priest closely misses you.
You hit the orc priest but do no damage.
The orc priest is moderately wounded.
Something hits you.
* * * LOW HITPOINT WARNING * * *
The orc priest barely misses you.
You feel better. Something hits you but does no damage.
You hit the orc priest but do no damage.
The orc priest is moderately wounded.
The orc priest hits you with a +0 vorpal flail.
* * * LOW HITPOINT WARNING * * *
x2 Something hits you but does no damage.
You slash the orc priest!
The orc priest is severely wounded.
Something hits you but does no damage.
The orc priest invokes the aid of Beogh against you.
Beogh smites you!
You die...

# # #### ...## ### .....
..# .#.## #.# # .#
#.#########.# .#
####.##..{)....#.# .# #
#.........@o.....#
.##.###.##.##.##########
.....##.##.##.#
.##..#.#.#.##.#
......###.....#
..#..#.#.#.#..#
..#..##.##.#..#
...........)..#
.....#...###.##


You could see an orc priest.

Vanquished Creatures
  An orc priest (D:3)
  Jessica (D:3)
  An orc wizard (D:3)
  2 adders
  A white imp (D:2)
  An ooze (D:3)
  2 worms (D:2)
  2 dart slugs (D:3)
  2 leopard geckos
  4 orcs (D:3)
  5 bats
  4 giant cockroaches
  5 goblins
  9 hobgoblins
  4 jackals (D:1)
  8 kobolds
  2 ball pythons
  7 frilled lizards
  6 rats
67 creatures vanquished.

Notes
Turn   | Place    | Note
-------+----------+-------------------------------------------
     0 | D:1      | Borgoz the Ghoul Gladiator began the quest for the Orb.
     0 | D:1      | Reached XP level 1. HP: 17/17 MP: 0/0
   166 | D:1      | Reached XP level 2. HP: 24/25 MP: 1/1
   331 | D:1      | Reached skill level 3 in Long Blades
   860 | D:1      | Reached XP level 3. HP: 30/30 MP: 2/2
  1323 | D:2      | Reached skill level 1 in Armour
  1439 | D:2      | Reached XP level 4. HP: 37/37 MP: 3/3
  2535 | D:3      | Noticed Jessica
  2545 | D:3      | Killed Jessica
  2558 | D:3      | Reached XP level 5. HP: 28/45 MP: 4/4
  2769 | D:3      | Reached skill level 4 in Long Blades
  3013 | D:3      | Killed from afar by an orc priest

Illustrated notes

Levels and vault maps discovered:
D:1:      kennysheep_arrival_seaside, layout_rooms, serial_co_window_serial,
          co_window_paths_a, co_window_paths_a, co_window_corner_a,
          co_window_paths_a, co_window_paths_a, co_window_of_opportunity_a,
          co_window_paths_a, co_window_corner_b, co_window_corner_b,
          co_window_corner_ca, co_window_corner_b, glass_columns_b,
          glass_columns_c, glass_columns_b, glass_columns_a, st_stairs_8,
          minivault_24
D:2:      layout_loops_ring, minmay_crystal_water, hangedman_decor_growths
D:3:      layout_loops_ring, grunt_temple_overflow_cloverleaf, tgw_trog,
          st_stairs_5, uniq_jessica

Skill      XL: |  1  2  3  4  5 |
---------------+----------------+-----
Long Blades    | 3 4 |  4.1
Dodging        | 3 |  3.4
Armour         | 1 |  1.8
Fighting       | 3 |  3.3
Throwing       | |  1.8

Action                   |  1- 3 |  4- 6 || total
-------------------------+-------+-------++-------
Melee: Long sword        |    98 |   116 ||   214
Throw: Throwing net      |       |     1 ||     1
  Use: Scroll            |       |     1 ||     1
       Potion            |       |     5 ||     5
Armor: Leather armour    |    50 |    35 ||    85
Dodge: Dodged            |    65 |    75 ||   140
       Rpst.: Long sword |    24 |    19 ||    43

Table legend: (Time is in decaauts)
 A = Elapsed time spent in this place.
 B = Non-inter-level travel time spent in this place.
 C = Inter-level travel time spent in this place.
 D = Time resting spent in this place.
 E = Time spent auto-exploring this place.
 F = Levels seen in this place.
 G = Mean time per level.
                   A        B        C        D        E       F      G
               +--------+--------+--------+--------+--------+-----+--------+
         Total |   3043 |   2975 |     68 |    401 |   2092 |   3 | 1014.3 |
       Dungeon |   3043 |   2975 |     68 |    401 |   2092 |   3 | 1014.3 |
               +--------+--------+--------+--------+--------+-----+--------+

Top non-repeatable levels by time:
     D:1: 1272 daAuts
     D:2: 1160 daAuts
     D:3: 610 daAuts
